 Dungeon Crawl Stone Soup version 0.27-a0-898-g810843a28d (webtiles) character file.

Game seed: 13131561985132959034

1 Alarkh the Insei (level 1, -1/16 HPs)
             Began as a Demonspawn Gladiator on Apr 5, 2021.
             Slain by a jackal (3 damage)
             ... on level 1 of the Dungeon.
             The game lasted 00:00:10 (39 turns).

Alarkh the Insei (Demonspawn Gladiator)               Turns: 39, Time: 00:00:11

Health: -1/16      AC:  4    Str: 14    XL:     1   Next: 16%
Magic:  1/1        EV: 12    Int:  9    God:
Gold:   0          SH:  0    Dex: 14    Spells: 0/0 levels left

rFire    . . .     SeeInvis .     - Unarmed
rCold    . . .     Faith    .   (no shield)
rNeg     . . .     Spirit   .   a - +0 leather armour
rPois    .         Reflect  .   b - +0 helmet
rElec    .         Harm     .   (no cloak)
rCorr    .         Rampage  .   (no gloves)
Will     .....                  (no boots)
Stlth    +.........             (no amulet)
HPRegen  0.05/turn              (no ring)
MPRegen  0.07/turn              (no ring)

@: no status effects
A: no striking features
a: no special abilities


You were on level 1 of the Dungeon.
You visited 1 branch of the dungeon, and saw 1 of its levels.

Inventory:

Missiles
 c - 3 throwing nets (quivered)
Armour
 a - a +0 leather armour (worn)
 b - a +0 helmet (worn)


   Skills:
 + Level 2.0 Fighting
 - Level 1.7 Throwing
 - Level 2.6 Dodging
 * Level 2.7 Unarmed Combat


You couldn't memorise any spells.
You didn't know any spells.
Your spell library was empty.

Dungeon Overview and Level Annotations

Branches:
Dungeon (1/15)

Altars:


Message History

The kobold throws a stone.
The stone hits you. The goblin completely misses you.
A jackal comes into view.
You miss the bat.
The jackal barks!
You punch the bat.
The bat is moderately wounded.
The bat misses you.
The kobold throws a stone.
The stone barely misses you. The goblin hits you with a +0 dagger.
A jackal comes into view.
A goblin comes into view. It is wielding a +0 dagger.
You barely miss the goblin.
The jackal barks!
You hear a shout!
The bat closely misses you. The bat misses you.
The kobold throws a stone.
The stone misses you.
A ball python comes into view.
The goblin hits you with a +0 dagger.
You closely miss the bat.
The bat is moderately wounded.
The bat hits you but does no damage.
The kobold throws a stone.
The stone closely misses you. The goblin misses you. The jackal bites you.
The bat hits you but does no damage.
You hit the bat.
You kill the bat!
The jackal bites you.
The kobold throws a stone.
The stone barely misses you. The goblin barely misses you.
A hobgoblin comes into view.
The kobold throws a stone.
The stone hits you but does no damage. The jackal closely misses you.
The jackal bites you.
* * * LOW HITPOINT WARNING * * *
The hobgoblin shouts!
The kobold throws a stone.
The stone misses you.
You aren't carrying any potions.
You hit the jackal but do no damage. The jackal bites you.
* * * LOW HITPOINT WARNING * * *
The jackal barely misses you.
You hit the jackal.
The jackal is heavily wounded.
The jackal bites you.
You die...

#.......# ##### ... .
#.......## #...# ..# .
.........# #...# #.# .#
#†..####.####...###.###.##.
#...# #........##.........
#...##.#........##.........
.......#........##.........
#.#.####........##g........
#.#.#<##........@hhh.......
..+...###....#####Sg.......
####### ###### #.........
.......... ...........
.#......... #.#K........
...........


You could see 3 jackals, 2 goblins and a ball python.

Vanquished Creatures
  2 bats (D:1)
2 creatures vanquished.

Notes
Turn   | Place    | Note
-------+----------+-------------------------------------------
     0 | D:1      | Alarkh the Demonspawn Gladiator began the quest for the
                  | Orb.
     0 | D:1      | Reached XP level 1. HP: 16/16 MP: 1/1
    39 | D:1      | Slain by a jackal

Illustrated notes

Levels and vault maps discovered:
D:1:      onia_arrival_mini_spirals, layout_basic, serial_curves,
          eino_curves_03, eino_curves_03, eino_curves_03, wad_floor_pattern_2,
          moated_statue

Action                   || total
-------------------------++-------
Melee: Unarmed           ||     8
       Punch             ||     1
Armor: Leather armour    ||     4
Dodge: Dodged            ||    17

Table legend: (Time is in decaauts)
 A = Elapsed time spent in this place.
 B = Non-inter-level travel time spent in this place.
 C = Inter-level travel time spent in this place.
 D = Time resting spent in this place.
 E = Time spent auto-exploring this place.
 F = Levels seen in this place.
 G = Mean time per level.
                   A        B        C        D        E       F      G
               +--------+--------+--------+--------+--------+-----+--------+
         Total |     38 |     38 |      0 |      0 |     22 |   1 |   38.0 |
       Dungeon |     38 |     38 |      0 |      0 |     22 |   1 |   38.0 |
               +--------+--------+--------+--------+--------+-----+--------+

Top non-repeatable levels by time:
     D:1: 38 daAuts
